 Dungeon Crawl Stone Soup version 0.28.0 (webtiles) character file.

Game seed: 1698464994037752809

11 Prodoman the Magician (level 2, -1/20 HPs)
             Began as a Demonspawn Hedge Wizard on Feb 5, 2022.
             Killed from afar by a dart slug (3 damage)
             ... with a slug dart
             ... on level 1 of the Dungeon.
             The game lasted 00:01:59 (605 turns).

Prodoman the Magician (Demonspawn Hedge Wizard)      Turns: 605, Time: 00:02:00

Health: -1/20      AC:  2    Str: 10    XL:     2   Next: 17%
Magic:  1/6        EV: 12    Int: 15    God:
Gold:   24         SH:  0    Dex: 12    Spells: 6/7 levels left

rFire   . . .      SeeInvis .   a - +0 dagger
rCold   . . .      Faith    .   (no shield)
rNeg    . . .      Spirit   .   b - +0 robe
rPois   .          Reflect  .   c - +0 hat
rElec   .          Harm     .   (no cloak)
rCorr   .          Rampage  .   (no gloves)
Will    .....                   (no boots)
Stlth   ++........              (no amulet)
HPRegen 0.06/turn               (no ring)
MPRegen 0.10/turn               (no ring)

@: no status effects
A: horns 1
a: no special abilities


You were on level 1 of the Dungeon.
You visited 1 branch of the dungeon, and saw 1 of its levels.

You collected 24 gold pieces.

Inventory:

Hand Weapons
 a - a +0 dagger (weapon)
Armour
 b - a +0 robe (worn)
 c - a +0 hat (worn)


   Skills:
 + Level 0.6 Fighting
 + Level 0.4 Armour
 + Level 2.0 Dodging
 - Level 1.7 Stealth
 + Level 3.1 Spellcasting
 + Level 1.2 Conjurations
 - Level 1.0 Summonings
 - Level 0.8 Translocations


You had 6 spell levels left.
You knew the following spells:

 Your Spells              Type           Power      Damage    Failure   Level
a - Magic Dart            Conj           24%        1d4       12%         1

Your spell library contained the following spells:

 Spells                   Type           Power      Damage    Failure   Level
 Slow                     Hex            8%         N/A       21%         1
 Call Imp                 Summ           5%         N/A       21%         2
 Blink                    Tloc           8%         N/A       22%         2
 Conjure Flame            Conj/Fire      4%         6-21      41%         3
 Mephitic Cloud           Conj/Pois/Air  3%         N/A       45%         3
 Confusing Touch          Hex            2%         N/A       52%         3
 Yara's Violent Unravell  Hex/Tmut       1%         3d3       99%         5
 Enfeeble                 Hex            1%         N/A       100%        7


Dungeon Overview and Level Annotations

Branches:
Dungeon (1/15)

Altars:


Innate Abilities, Weirdness & Mutations

You have a pair of small horns on your head.


Message History

The quokka bites you but does no damage.
Unknown command.
You hit the quokka but do no damage.
The quokka bites you but does no damage.
The dart slug closely misses you.
You closely miss the quokka. The quokka closely misses you.
The frilled lizard bites you. The dart slug bites you.
The quokka bites you but does no damage.
Your magical contamination has completely faded away.
You hit the quokka but do no damage.
You headbutt the quokka, but do no damage.
The frilled lizard completely misses you.
The quokka bites you.
You hit the quokka.
The quokka is heavily wounded.
The frilled lizard bites you but does no damage.
The dart slug completely misses you. The quokka closely misses you.
You closely miss the quokka.
The quokka is heavily wounded.
The frilled lizard completely misses you.
The quokka bites you. The dart slug launches a dart at you.
The slug dart hits you.
* * * LOW HITPOINT WARNING * * *
You closely miss the quokka.
The quokka is heavily wounded.
The quokka barely misses you.
The frilled lizard bites you but does no damage.
The dart slug closely misses you.
You closely miss the quokka. Your headbutt misses the quokka.
The quokka is heavily wounded.
The quokka closely misses you. The frilled lizard closely misses you.
The quokka barely misses you.
You closely miss the quokka.
The quokka is heavily wounded.
The frilled lizard bites you.
* * * LOW HITPOINT WARNING * * *
The dart slug launches a dart at you. The slug dart hits you.
You die...

#.###### #.⌠.# #.#
.. #...### #.# ..
#...... #.# ..
#........ #.# .#
######.##
#.########## .# #.#
#..........# l# #.#
##########.##l#.####
#.# #...@r...... ...
#..##w#..... #..
#..# .# ... #..# .#
# #... .. #... ..
#.#. ... #. #.##.


You could see a dart slug, a quokka and 2 frilled lizards.

Vanquished Creatures
  2 ball pythons (D:1)
  2 endoplasms (D:1)
  A giant cockroach (D:1)
  A hobgoblin (D:1)
  A bat (D:1)
  A frilled lizard (D:1)
  A kobold (D:1)
  2 rats (D:1)
11 creatures vanquished.

Notes
Turn   | Place    | Note
-------+----------+-------------------------------------------
     0 | D:1      | Prodoman the Demonspawn Hedge Wizard began the quest for
                  | the Orb.
     0 | D:1      | Reached XP level 1. HP: 13/13 MP: 4/4
   414 | D:1      | Gained mutation: You have a pair of small horns on your
                  | head. [demonic ancestry]
   414 | D:1      | Reached XP level 2. HP: 20/20 MP: 4/6
   605 | D:1      | Killed from afar by a dart slug

Illustrated notes

Levels and vault maps discovered:
D:1:      lemuel_arrival_hallway, layout_loops_ring, patterned_corridor

Skill      XL: |  1  2 |
---------------+-------+-----
Dodging        | 2 |  2.0
Fighting       | |  0.6
Armour         | |  0.4
Stealth        | |  1.7
Spellcasting   | |  3.1
Conjurations   | |  1.2
Summonings     | |  1.0
Translocations | |  0.8

Action                   || total
-------------------------++-------
Melee: Dagger            ||    12
       Headbutt          ||     1
 Cast: Magic Dart        ||    27
Armor: Robe              ||     8
Dodge: Dodged            ||    20
